 Dungeon Crawl Stone Soup version 0.30-a0-1018-g25214051b3 (webtiles) character file.

Game seed: 17407709034858378064

1300 protoss039 the Covert (level 8, 0/48 HPs)
             Began as a Vampire Enchanter on Apr 7, 2023.
             Was a Follower of Dithmenos.
             Slain by a jelly (3 damage)
             ... in a sewer.
             The game lasted 00:12:36 (6076 turns).

protoss039 the Covert (Vampire Enchanter)           Turns: 6076, Time: 00:12:36

Health: 0/48       AC: -9    Str:  7    XL:     8   Next: 31%
Magic:  1/13       EV: 14    Int: 17    God:    Dithmenos [*.....]
Gold:   235        SH:  0    Dex: 17    Spells: 2/13 levels left

rFire   + . .      SeeInvis +    y - +2 short sword (venom)
rCold   + + .      Faith    .    (no shield)
rNeg    + + +      Spirit   .    b - +0 robe
rPois   ∞          Reflect  .    n - +0 helmet
rElec   .          Rampage  .    (no cloak)
rCorr   .                        (no gloves)
Will    .....                    (no boots)
Stlth   +++++++                  (no amulet)
HPRegen 0.00/turn                q - ring of protection from fire
MPRegen 0.13/turn                (no ring)

@: about to teleport, corroded, bloodless, inhibited regen, wreathed by umbra
A: bloodless, fangs 3, see invisible, vampiric 2
a: Bat Form, Revivify, Renounce Religion


You were in a sewer.
You worshipped Dithmenos.
Dithmenos was aware of your devotion.
You visited 2 branches of the dungeon, and saw 7 of its levels.
You also visited: Sewer.

You collected 235 gold pieces.

Inventory:

Hand Weapons
 y - a +2 short sword of venom (weapon)
Armour
 b - a +0 robe (worn)
 n - a +0 helmet (worn)
Magical Staves
 e - a staff of conjuration
Jewellery
 o - the ring "Liobrar" {rF+++ rC- rCorr Str-5 SInv}
   (You found it on level 3 of the Dungeon)

   [ring of see invisible]

   Str:       It affects your strength (-5).
   rF:        It renders you almost immune to fire.
   rC:        It makes you vulnerable to cold.
   SInv:      It lets you see invisible.
   rCorr:     It protects you from acid and corrosion.
 q - a ring of protection from fire (left hand)
Wands
 x - a wand of paralysis (12)
Scrolls
 d - a scroll of identify
 f - 3 scrolls of enchant weapon
 h - a scroll of noise {unknown}
 i - 2 scrolls of magic mapping
 j - 2 scrolls of immolation {unknown}
 k - 3 scrolls of teleportation
 m - 2 scrolls of blinking {unknown}
 r - a scroll of brand weapon {unknown}
 s - 2 scrolls of fog {unknown}
 v - a scroll of fear {unknown}
 w - a scroll of amnesia {unknown}
Potions
 a - a potion of cancellation {unknown}
 c - a potion of mutation {unknown}
 g - a potion of ambrosia
 l - 2 potions of brilliance {unknown}
 p - 3 potions of berserk rage {unknown}
 t - 2 potions of curing {unknown}
 u - 2 potions of resistance {unknown}


   Skills:
 * Level 4.1 Fighting
 - Level 3.0 Short Blades
 + Level 4.0 Dodging
 * Level 8.3 Stealth
 + Level 3.4 Spellcasting
 + Level 1.1 Conjurations
 + Level 6.4 Hexes
 + Level 2.8 Ice Magic
 * Level 2.2 Invocations


You had 2 spell levels left.
You knew the following spells:

 Your Spells              Type           Power      Damage    Failure   Level
a - Ensorcelled Hibernat  Hex/Ice        36%        N/A       3%          2
b - Confusing Touch       Hex            24%        N/A       3%          3
c - Tukima's Dance        Hex            24%        N/A       3%          3
d - Dazzling Flash        Conj/Hex       30%        N/A       11%         3

Your spell library contained the following spells:

 Spells                   Type           Power      Damage    Failure   Level
 Momentum Strike          Conj/Tloc      8%         3d8       21%         2
 Blink                    Tloc           4%         N/A       26%         2
 Lesser Beckoning         Tloc           4%         N/A       26%         2
 Gell's Gravitas          Tloc           2%         N/A       45%         3
 Teleport Other           Tloc           2%         N/A       45%         3


Dungeon Overview and Level Annotations

Branches:
Dungeon (6/15) Zot: 26677  Temple (1/1) D:4 Zot: 5915   Sewer (1/1) Zot: 5657

Altars:
Ashenzari
Cheibriados
Dithmenos
Fedhas
Hepliaklqana
Kikubaaqudgha
Nemelex Xobeh
Okawaru
Qazlal
Ru
Sif Muna
Trog
Uskayaw
Vehumet
Wu Jian
Xom
Yredelemnul

Annotations:
D:4 1 runed translucent door, julianmaster's ghost, amateur MiHu
D:5 3 runed translucent doors, flestrin's ghost, novice DECj
Temple 2 transporters


Innate Abilities, Weirdness & Mutations

You do not regenerate when monsters are visible.
You are frail without blood (-20% HP).
You can heal yourself when you bite living creatures.
You are immune to poison.
You have razor-sharp teeth.
You have supernaturally acute eyesight. (SInv)
You are afflicted with vampirism and can become a bat while bloodless.


Message History

Aiming: Ensorcelled Hibernation (safe; 3% risk of failure)
Press: ? - help, Shift-Dir - straight line, f/p - jelly
Aim: a jelly (umbra, chance to affect: 60%)
The jelly resists with significant effort.
The jelly barely misses you.
Unknown command.
The jelly barely misses you.
The endoplasm quivers.
You puncture the endoplasm!
You kill the endoplasm!
Dithmenos accepts your kill. The jelly hits you. The acid corrodes you!
You are splashed with acid!
Unknown command.
Casting: Ensorcelled Hibernation (safe; 3% risk of failure)
Confirm with . or Enter, or press ? or * to list all spells.
Aiming: Ensorcelled Hibernation (safe; 3% risk of failure)
Press: ? - help, Shift-Dir - straight line, f/p - jelly
Aim: a jelly (umbra, chance to affect: 60%)
The jelly resists with significant effort.
The jelly barely misses you. The rat barely misses you.
Unknown command.
You hit the rat.
You kill the rat!
Dithmenos accepts your kill. The jelly barely misses you.
You hit the jelly. The acid corrodes you!
Your hands burn!
The jelly is lightly wounded.
The jelly barely misses you.
You hit the jelly. The acid corrodes you!
Your hands burn!
The jelly is moderately wounded.
The jelly barely misses you.
Okay, then.
As you read the scroll of teleportation, it crumbles to dust.
You feel strangely unstable. The jelly hits you.
* * * LOW HITPOINT WARNING * * *
You are splashed with acid!
* * * LOW HITPOINT WARNING * * *
Unknown command.
The jelly attacks as you move away! The jelly hits you.
You die...

..
#∩~~.~..~#
###### ~..
#~.~~~.##
#~.#
####.~##
#.~.# ##~~#
#.~.####.~.#
#~~.~.~.~##
#~.~~~.~##
####~.J.#
#~~@~#
#!..## #!_!#
#####


You could see a jelly.

Vanquished Creatures
  Sigmund (D:5)
  A water moccasin (D:5)
  A sky beast (D:6)
  A black bear (D:5)
  An ogre (D:5)
  Blork the orc (D:6)
  A phantom (D:5)
  A kobold brigand (D:6)
  A bullfrog (D:5)
  A scorpion (D:4)
  A howler monkey (D:4)
  2 jellies
  2 hounds
  An iguana (D:5)
  4 gnolls
  7 adders
  2 river rats
  An ufetubus (D:6)
  4 worms
  2 dart slugs
  2 orcs
  17 endoplasms
  4 giant cockroaches
  9 goblins
  12 hobgoblins
  9 jackals
  4 quokkas
  5 ball pythons
  9 bats
  8 frilled lizards
  10 kobolds
  11 rats
136 creatures vanquished.

Vanquished Creatures (others)
  2 fungi (D:5)
  7 plants
9 creatures vanquished.

Grand Total: 145 creatures vanquished

Notes
Turn   | Place    | Note
-------+----------+-------------------------------------------
     0 | D:1      | protoss039 the Vampire Enchanter began the quest for the
                  | Orb.
     0 | D:1      | Reached XP level 1. HP: 13/13 MP: 3/3
   181 | D:1      | Reached XP level 2. HP: 20/20 MP: 5/5
   249 | D:1      | Learned a level 2 spell: Ensorcelled Hibernation
   632 | D:1      | Reached skill level 1 in Fighting
   632 | D:1      | Gained mutation: You are afflicted with vampirism and can
                  | become a bat while bloodless. [Vampire growth]
   632 | D:1      | Reached XP level 3. HP: 26/26 MP: 6/6
   742 | D:1      | Reached skill level 5 in Stealth
  1329 | D:1      | Learned a level 3 spell: Confusing Touch
  2037 | D:3      | Reached XP level 4. HP: 32/32 MP: 2/7
  2486 | D:2      | Reached skill level 1 in Ice Magic
  2648 | D:3      | Reached skill level 5 in Hexes
  2815 | D:3      | Identified the ring "Liobrar" {rF+++ rC- rCorr Str-5 SInv}
  3098 | D:3      | Reached XP level 5. HP: 30/30 MP: 8/8
  3231 | D:3      | Learned a level 3 spell: Tukima's Dance
  3437 | D:4      | Noticed julianmaster's ghost (amateur MiHu)
  3449 | D:4      | Found a runed translucent door.
  3590 | D:4      | Found a staircase to the Ecumenical Temple.
  3610 | Temple   | Entered the Ecumenical Temple
  3610 | Temple   | Found a transporter.
  3610 | Temple   | Found a transporter.
  3650 | Temple   | Found a transporter.
  3650 | Temple   | Found a transporter.
  3668 | Temple   | Became a worshipper of Dithmenos the Shadowed
  3786 | D:4      | Reached skill level 6 in Stealth
  3805 | D:4      | Reached XP level 6. HP: 36/36 MP: 2/9
  4360 | D:5      | Entered Level 5 of the Dungeon
  4392 | D:5      | Noticed Sigmund
  4398 | D:5      | Killed Sigmund
  4519 | D:5      | Reached skill level 7 in Stealth
  4519 | D:5      | Reached XP level 7. HP: 41/41 MP: 11/11
  4575 | D:5      | Learned a level 3 spell: Dazzling Flash
  4865 | D:5      | Reached skill level 1 in Invocations
  4920 | D:5      | Found a runed translucent gate.
  4920 | D:5      | Found a runed translucent gate.
  4920 | D:5      | Found a runed translucent gate.
  4922 | D:5      | Noticed flestrin's ghost (novice DECj)
  5158 | D:5      | Found a stormy altar of Qazlal.
  5419 | D:6      | Reached XP level 8. HP: 40/48 MP: 7/12
  5545 | D:6      | Noticed Blork the orc
  5578 | D:6      | Reached skill level 8 in Stealth
  5578 | D:6      | Reached skill level 1 in Conjurations
  5588 | D:6      | Killed Blork the orc
  5695 | D:6      | Found a glowing drain.
  5739 | Sewer    | Entered a sewer
  5772 | Sewer    | Reached * piety under Dithmenos
  6058 | Sewer    | Found a viscous altar of Jiyva.
  6076 | Sewer    | Slain by a jelly

Illustrated notes

Levels and vault maps discovered:
D:1:      elethiomel_arrival_maze, layout_basic, minmay_indecisive_spiral
D:2:      layout_basic, due_unseen_surprise
D:3:      layout_basic, due_unseen_surprise
D:4:      layout_basic, minmay_temple_entry_gardened_gates,
          hellmonk_ghost_happy_afterlife, serial_bayou, serial_bayou_pond_b,
          serial_bayou_shore_a, serial_bayou_shore_b, serial_bayou_shore_b,
          minivault_25
D:5:      layout_loops_ring, mainiacjoe_overflow_alcove_2,
          gammafunk_ghost_nasty_kobolds, st_stairs_2, uniq_sigmund
D:6:      layout_gridville, portal_sewer_entry_a, grunt_ministairs_2,
          minmay_pentangle, uniq_eustachio, uniq_blork_the_orc
Temple:   hellmonk_temple_divided_pantheon
Sewer:    sewer_hellmonk_slimy_pipes

Skill      XL: |  1  2  3  4  5  6  7  8 |
---------------+-------------------------+-----
Fighting       | 1 2 3 4 |  4.1
Stealth        | 5 6 7 8 |  8.3
Ice Magic      | 1 2 |  2.8
Hexes          | 5 6 |  6.4
Short Blades   | 2 3 |  3.0
Dodging        | 3 4 |  4.0
Spellcasting   | 3 |  3.4
Invocations    | 1 2 |  2.2
Conjurations   | 1 |  1.1

Action                     |  1- 3 |  4- 6 |  7- 9 || total
---------------------------+-------+-------+-------++-------
  Melee: Dagger            |   123 |    76 |    50 ||   249
         Bite              |    17 |     6 |     8 ||    31
         Punch             |     2 |       |     4 ||     6
         Short sword       |       |       |    56 ||    56
   Cast: Ensorcelled Hiber |    25 |    36 |    36 ||    97
         Confusing Touch   |       |       |     2 ||     2
Ability: Exsanguinate      |       |     1 |       ||     1
    Use: Scroll            |     2 |     1 |     2 ||     5
         Potion            |       |     1 |     1 ||     2
   Stab: Sleeping          |    24 |    32 |    33 ||    89
         Confused          |       |       |     1 ||     1
         Invisible         |       |       |     3 ||     3
 Armour: Robe              |    25 |    13 |    14 ||    52
  Dodge: Dodged            |    79 |    41 |    76 ||   196

Table legend: (Time is in decaauts)
 A = Elapsed time spent in this place.
 B = Non-inter-level travel time spent in this place.
 C = Inter-level travel time spent in this place.
 D = Time resting spent in this place.
 E = Time spent auto-exploring this place.
 F = Levels seen in this place.
 G = Mean time per level.
                   A        B        C        D        E       F      G
               +--------+--------+--------+--------+--------+-----+--------+
         Total |   6069 |   5912 |    157 |    669 |   3931 |   8 |  758.6 |
       Dungeon |   5641 |   5484 |    157 |    486 |   3876 |   6 |  940.2 |
        Temple |     84 |     84 |      0 |      0 |     44 |   1 |   84.0 |
         Sewer |    343 |    343 |      0 |    183 |     11 |   1 |  343.0 |
               +--------+--------+--------+--------+--------+-----+--------+

Top non-repeatable levels by time:
     D:1: 1323 daAuts
     D:4: 1052 daAuts
     D:5: 1044 daAuts
     D:3: 1037 daAuts
     D:2: 861 daAuts
   Sewer: 343 daAuts
     D:6: 322 daAuts
  Temple: 84 daAuts
